 Dungeon Crawl Stone Soup version 0.17-a0-1411-g06ff558 (webtiles) character file.

165 Frelus the Firebug (level 5, -2/38 HPs)
             Began as a Draconian Fire Elementalist on June 23, 2015.
             Was an Initiate of Sif Muna.
             Slain by an orc priest
             ... wielding a cursed -2 dagger
              (3 damage)
             ... on level 4 of the Dungeon.
             The game lasted 00:05:17 (3106 turns).

Frelus the Firebug (Draconian Fire Elementalist)    Turns: 3106, Time: 00:05:18

Health: -2/38      AC:  5    Str: 10    XL:     5   Next: 22%
Magic:  4/8        EV: 12    Int: 17    God:    Sif Muna [......]
Gold:   152        SH:  0    Dex: 11    Spells: 3 memorised, 1 level left

rFire  . . .     SeeInvis .     e - +2 short sword (venom)
rCold  . . .     Clarity  .     (armour unavailable)
rNeg   . . .     SustAt   .     (no shield)
rPois  .         Gourm    .     (helmet restricted)
rElec  .         Spirit   .     (no cloak)
rCorr  .         Warding  .     (no gloves)
rMut   .         Stasis   .     (no boots)
MR     .....                    g - amulet of faith
Stlth  ++........               (no ring)
                                (no ring)

@: very slightly contaminated, not resistant to hostile enchantments, unstealthy
A: unfitting armour, cold-blooded, AC +5
a: Renounce Religion


You were on level 4 of the Dungeon.
You worshipped Sif Muna.
Sif Muna was noncommittal.
You were not hungry.

You visited 1 branch of the dungeon, and saw 4 of its levels.

You collected 152 gold pieces.

Inventory:

Hand weapons
 e - a +2 short sword of venom (weapon)
Jewellery
 g - an amulet of faith (around neck)
Magical devices
 s - a wand of hasting (4)
Scrolls
 f - a scroll of enchant weapon {unknown}
 i - 4 scrolls of identify {unknown}
 l - 2 scrolls of remove curse {unknown}
 n - a scroll of recharging {unknown}
 p - a scroll of noise {unknown}
 t - a scroll of amnesia {unknown}
 u - a scroll of blinking {unknown}
Potions
 c - 2 potions of agility {unknown}
 j - 2 potions of flight {unknown}
 m - a potion of cure mutation {unknown}
 o - 2 potions of heal wounds {unknown}
 q - 2 potions of mutation {unknown}
Books
 a - a book of Flames

   Spells                             Type                      Level
   a - Flame Tongue                   Conjuration/Fire             1
   b - Throw Flame                    Conjuration/Fire             2
   c - Conjure Flame                  Conjuration/Fire             3
   d - Inner Flame                    Hexes/Fire                   3
   e - Sticky Flame                   Conjuration/Fire             4
   f - Fireball                       Conjuration/Fire             5
Comestibles
 b - 4 bread rations
 d - 2 slices of pizza
 h - a meat ration
 k - 3 beef jerkies
 r - 4 fruits


   Skills:
 - Level 1.7 Dodging
 - Level 1.7 Stealth
 + Level 2.6 Spellcasting
 + Level 3.6 Conjurations
 - Level 4.2 Fire Magic


You had one spell level left.
You knew the following spells:

 Your Spells              Type           Power        Failure   Level  Hunger
a - Flame Tongue          Conj/Fire      ###..        3%          1    #......
b - Conjure Flame         Conj/Fire      ###.....     12%         3    ###....
c - Sticky Flame          Conj/Fire      ###.....     38%         4    #####..


Dungeon Overview and Level Annotations

Branches:
Dungeon (4/15)
 Temple: D:4-7

Altars:
Okawaru
Qazlal
Sif Muna
The Shining One

Annotations:
D:3 exclusion: downstairs
D:4 Pikel


Innate Abilities, Weirdness & Mutations

Your plain brown scales are hard (AC +5).
Your body does not fit into most forms of armour.
You are cold-blooded and may be slowed by cold attacks.


Message History

You miscast Sticky Flame.
You are very lightly contaminated with residual magic.
Wisps of smoke drift from your hands. The orc hits you with a club.
* * * LOW HITPOINT WARNING * * *
The orc barely misses you.
You hit the orc priest.
The orc priest is poisoned.
The orc priest is moderately wounded.
The orc priest hits you but does no damage.
The orc barely misses you. The orc closely misses you.
You hit the orc priest.
The orc priest looks even sicker.
The orc priest is heavily wounded.
The orc priest hits you with an enchanted dagger.
* * * LOW HITPOINT WARNING * * *
The orc misses you. The orc hits you with a hand axe.
* * * LOW HITPOINT WARNING * * *
You barely miss the orc priest.
The orc priest is heavily wounded.
Pikel shouts!
The orc priest hits you with an enchanted dagger.
You die...

#. ##..... .. ##. ....... ...
.. ...... ....... .......#
.......##......# ..
#..........#......#.###..
##.#..........(o#o......#....
#..#...........o@######...#..
#.###.............##..........
....##.....#).............##...
.....#....##..............#....
.................###...........
..............).###.......#....
...(......#####..##............
............####......K........
..........#.##..........†.#.##


You could see Pikel, an orc priest and 2 orcs.

Vanquished Creatures
  A slave (D:3)
  3 adders
  3 oozes
  2 worms
  3 giant geckos (D:1)
  10 orcs (D:3)
  2 ball pythons (D:2)
  12 bats
  8 hobgoblins
  16 jackals
  10 kobolds
  2 giant cockroaches
  3 giant newts (D:1)
  18 goblins
  A quokka skeleton (D:4)
  7 rats
101 creatures vanquished.

Notes
Turn   | Place    | Note
--------------------------------------------------------------
     0 | D:1      | Frelus the Draconian Fire Elementalist began the quest for the Orb.
     0 | D:1      | Reached XP level 1. HP: 14/14 MP: 3/3
   110 | D:1      | Reached XP level 2. HP: 10/20 MP: 5/5
   603 | D:1      | Reached XP level 3. HP: 9/26 MP: 6/6
  1196 | D:2      | Found a deep blue altar of Sif Muna.
  1226 | D:2      | Became a worshipper of Sif Muna the Loreminder
  1241 | D:2      | Reached skill level 4 in Fire Magic
  1251 | D:2      | Reached XP level 4. HP: 22/33 MP: 0/7
  1256 | D:2      | Learned a level 3 spell: Conjure Flame
  2181 | D:3      | Reached XP level 5. HP: 12/38 MP: 1/8
  2406 | D:3      | Found an iron altar of Okawaru.
  2433 | D:3      | Found a stormy altar of Qazlal.
  2435 | D:3      | Found a glowing golden altar of the Shining One.
  2653 | D:3      | Learned a level 4 spell: Sticky Flame
  2690 | D:4      | Noticed Pikel
  2690 | D:4      | Noticed a slave
  2692 | D:4      | Noticed a slave
  2692 | D:4      | Noticed a slave
  2694 | D:4      | Noticed a slave
  2716 | D:3      | Killed a slave
  3105 | D:4      | HP: 1/38 [orc/hand axe (3)]
  3106 | D:4      | Slain by an orc priest

Vault maps used:
D:1:      dpeg_arrival_tiny_j, minmay_close_crescents
D:2:      nicolae_overflow_crystal_walls
D:3:      grunt_temple_overflow_open, first_bread
D:4:      lemuel_coloured_pillars_altar, uniq_pikel

Action                   |  1- 3 |  4- 6 || total
-------------------------+-------+-------++-------
Melee: Unarmed           |    14 |       ||    14
       Short sword       |   115 |   113 ||   228
 Cast: Flame Tongue      |    16 |    24 ||    40
 Stab: Sleeping          |     2 |     5 ||     7
       Distracted        |       |     1 ||     1
  Eat: Chunk             |     1 |     7 ||     8
